 Dungeon Crawl Stone Soup version 0.19.5 (webtiles) character file.

45 dalkar the Grave Robber (level 3, 32/32 HPs)
             Began as a Troll Necromancer on Mar 6, 2017.
             Starved to death
             ... on level 2 of the Dungeon on Mar 7, 2017.
             The game lasted 00:14:09 (1537 turns).

dalkar the Grave Robber (Troll Necromancer)         Turns: 1537, Time: 00:14:10

Health: 32/32      AC:  5    Str: 16      XL:     3   Next: 42%
Magic:  3/3        EV: 10    Int: 11 (12) God:
Gold:   49         SH:  0    Dex:  8 (10) Spells: 2 memorised, 2 levels left

rFire  . . .     SeeInvis .     k - +0 short sword
rCold  . . .     Gourm    +     a - +0 robe
rNeg   . . .     Faith    .     (no shield)
rPois  .         Spirit   .     (helmet restricted)
rElec  .         Reflect  .     (no cloak)
rCorr  .         Harm     .     (gloves unavailable)
MR     .....                    (boots unavailable)
Stlth  +.........               (no amulet)
                                (no ring)
                                (no ring)

@: very slightly contaminated, fainting, hasted, very quick
A: unfitting armour, claws 3, fast metabolism 3, gourmand, regeneration 1,
shaggy fur 1, tough skin 2
a: no special abilities


You were on level 2 of the Dungeon.
You were fainting.

You visited 1 branch of the dungeon, and saw 2 of its levels.

You collected 49 gold pieces.

Inventory:

Hand Weapons
 c - a +0 dagger
 e - a +0 club
 f - a +0 club
 h - a cursed -1 short sword
 j - a cursed -1 club
 k - a +0 short sword (weapon)
 n - a +0 club
 o - a +0 club
 q - a +0 club
 s - a +0 club
 t - a +0 club
Missiles
 d - 72 stones (quivered)
 l - 43 arrows
 w - 22 sling bullets
Armour
 a - a +0 robe (worn)
Scrolls
 r - a scroll of identify
 v - a scroll of remove curse
Potions
 i - 2 potions of degeneration
 u - a potion of brilliance
Books
 b - a book of Necromancy

   Spells                             Type                      Level
   a - Pain                           Necromancy                   1
   b - Animate Skeleton               Necromancy                   1
   c - Vampiric Draining              Necromancy                   3
   d - Regeneration                   Charms/Necromancy            3
   e - Animate Dead                   Necromancy                   4
   f - Control Undead                 Necromancy                   4


   Skills:
 + Level 0.5 Fighting
 + Level 0.2 Short Blades
 + Level 0.3 Maces & Flails
 + Level 2.1 Dodging
 + Level 1.0 Stealth
 + Level 1.2 Spellcasting
 + Level 3.7 Necromancy


You had 2 spell levels left.
You knew the following spells:

 Your Spells              Type           Power        Failure   Level  Hunger
a - Pain                  Necr           #...         10%         1    ##.....
b - Animate Skeleton      Necr           N/A          10%         1    ##.....


Dungeon Overview and Level Annotations

Branches:
Dungeon (2/15)

Altars:


Innate Abilities, Weirdness & Mutations

You are too large for most types of armour.
You have claws for hands.
Your metabolism is lightning-fast.
You like to eat raw meat.
Your natural rate of healing is unusually fast.
You are covered in fur. (AC +1)
You have very tough skin. (AC +2)


Message History

There are no items here.
It was a potion of haste.
You feel yourself speed up.
You are very lightly contaminated with residual magic.
As you read the scroll labeled NIADUGI LEVU RIPAR, it crumbles to dust.
You feel strangely unstable.
It was a scroll of teleportation.
You are fainting from starvation!
As you read the scroll labeled CEFOPH GITEK, it crumbles to dust.
The scroll dissolves into smoke.
It was a scroll of fog.
Your surroundings suddenly seem different.
As you read the scroll labeled WARCHUXZ FYOW, it crumbles to dust.
It is a scroll of identify.
v - a scroll of remove curse You open the door.
There is an open door here.
Found a scroll labeled OPSIMIDGH EWEX.
You lose consciousness!
You can move again.
An ooze comes into view.
You have starved to death.
You die...

.........##
#.#######.## #.# #.#
#.# #.# ##.## ##'## #
###...## ##...#######
#......###.....##....
#..?..###.......#.###
##...@###..........###
#.......'.............
##...####..........##.
#..# ##.......#.##.
.... ##.....##.##.
###.. ##...###.##. #.
##+## #.... J. ####.
.. #.


You could see an ooze (sleeping).

Vanquished Creatures
  2 oozes (D:1)
  A dart slug (D:1)
  2 leopard geckos
  6 bats
  A giant cockroach (D:1)
  8 goblins
  2 hobgoblins (D:1)
  4 frilled lizards
  5 kobolds (D:1)
  2 rats (D:1)
33 creatures vanquished.

Notes
Turn   | Place    | Note
-------+----------+-------------------------------------------
     0 | D:1      | dalkar the Troll Necromancer began the quest for the Orb.
     0 | D:1      | Reached XP level 1. HP: 16/16 MP: 1/1
   104 | D:1      | Reached XP level 2. HP: 22/24 MP: 2/2
   121 | D:1      | Learned a level 1 spell: Animate Skeleton
   566 | D:1      | Paralysed by fainting for 8 turns
   589 | D:1      | Paralysed by fainting for 5 turns
   828 | D:1      | Reached XP level 3. HP: 31/31 MP: 3/3
  1526 | D:2      | Paralysed by fainting for 9 turns
  1537 | D:2      | Starved to death

Skill      XL: |  1  2  3 |
---------------+----------+-----
Dodging        | 2 |  2.1
Fighting       | |  0.5
Short Blades   | |  0.2
Maces & Flails | |  0.3
Stealth        | |  1.0
Spellcasting   | |  1.2
Necromancy     | |  3.7

Action                   || total
-------------------------++-------
Melee: Club              ||    63
       Unarmed           ||     5
       Short sword       ||   109
Throw: Stone             ||     9
  Use: Potion            ||     4
       Scroll            ||     3
  Eat: Bread ration      ||     2
Armor: Robe              ||   139
Dodge: Dodged            ||   191
